 Dungeon Crawl Stone Soup version 0.28-a0-401-ge240ad9e29 (webtiles) character file.

Game seed: 8703713646113464232

3579 dolemite99 the Cleaver (level 9, -7/70 HPs)
             Began as a Minotaur Abyssal Knight on Sept 5, 2021.
             Was an Elder of Lugonu.
             Mangled by an orc knight (24 damage)
             ... in a bailey.
             The game lasted 00:11:55 (11246 turns).

dolemite99 the Cleaver (Minotaur Abyssal Knight)   Turns: 11246, Time: 00:11:55

Health: -7/70      AC: 12    Str: 29    XL:     9   Next: 84%
Magic:  9/9        EV:  8    Int: 14    God:    Lugonu [****..]
Gold:   185        SH:  0    Dex:  7    Spells: 8/8 levels left

rFire   . . .      SeeInvis .   a - +8 trident of Sifuadoq {vorpal, Str+4 Int+5 Dex-2}
rCold   . . .      Faith    .   (no shield)
rNeg    . . .      Spirit   .   y - +1 chain mail "Veisatull" {Str+4 Stlth+}
rPois   .          Reflect  .   (helmet restricted)
rElec   .          Harm     .   K - +2 cloak
rCorr   .          Rampage  .   (no gloves)
Will    .....                   (no boots)
Stlth   ..........              H - amulet of magic regeneration
HPRegen 0.21/turn               (no ring)
MPRegen 0.36/turn               (no ring)

@: no status effects
A: horns 2, retaliatory headbutt
a: Renounce Religion, Depart the Abyss, Bend Space, Banish, Corrupt


You were in a bailey.
You worshipped Lugonu.
Lugonu was greatly pleased with you.
You visited 1 branch of the dungeon, and saw 7 of its levels.
You visited the Abyss 1 time.
You also visited: Bailey.

You collected 530 gold pieces.
You spent 345 gold pieces at shops.

Inventory:

Hand Weapons
 a - the +8 trident of Sifuadoq (weapon) {vorpal, Str+4 Int+5 Dex-2}
   (You found it on level 6 of the Dungeon)

   It inflicts extra damage upon your enemies.
   Str:       It affects your strength (+4).
   Int:       It affects your intelligence (+5).
   Dex:       It affects your dexterity (-2).
 b - a +2 dire flail of protection
 i - a +1 hunting sling
 p - a +1 hand axe
 u - a +1 dagger of electrocution
 x - a +0 battleaxe
 B - a +0 hunting sling
 T - a +2 halberd of electrocution
Missiles
 d - 211 stones
 g - 57 bolts
 h - 11 poisoned darts (quivered)
 A - 81 arrows
 E - 58 boomerangs
 G - 15 sling bullets
 R - a throwing net
Armour
 c - a +0 leather armour
 j - a +0 ring mail
 s - a +0 scale mail of cold resistance
 t - a +0 chain mail
 y - the +1 chain mail "Veisatull" (worn) {Str+4 Stlth+}
   (You found it on level 4 of the Dungeon)

   Str:       It affects your strength (+4).
   Stlth:     It makes you more stealthy.
 J - a +3 chain mail
 K - a +2 cloak (worn)
Magical Staves
 e - a staff of poison
 I - a staff of fire
Jewellery
 f - a ring of flight
 q - a +6 ring of dexterity
 z - a ring of protection from cold
 F - a ring of positive energy
 H - an amulet of magic regeneration (around neck)
Wands
 k - a wand of digging (2)
 m - a wand of paralysis (13)
 v - a wand of flame (5)
 Q - a wand of acid (9)
Scrolls
 n - 4 scrolls of blinking
 r - a scroll of summoning {unknown}
 D - a scroll of vulnerability {unknown}
 N - a scroll of teleportation
 O - a scroll of brand weapon {unknown}
Potions
 l - a potion of attraction
 o - a potion of degeneration {unknown}
 w - 3 potions of might
 C - 2 potions of flight {unknown}
 L - a potion of heal wounds
 M - a potion of ambrosia {unknown}
 P - 2 potions of curing
 S - a potion of magic {unknown}
 U - 2 potions of brilliance {unknown}


   Skills:
 - Level 3.6 Fighting
 - Level 13.7(14.6) Axes
 - Level 3.4(9.8) Maces & Flails
 + Level 8.3(12.0) Polearms
 - Level 2.4 Armour
 - Level 1.1 Dodging
 - Level 1.7 Invocations


You had 8 spell levels left.
You didn't know any spells.
Your spell library contained the following spells:

 Spells                   Type           Power      Damage    Failure   Level
 Animate Skeleton         Necr           0%         N/A       85%         1
 Apportation              Tloc           0%         N/A       85%         1
 Corona                   Hex            0%         N/A       85%         1
 Summon Small Mammal      Summ           0%         N/A       85%         1
 Animate Dead             Necr           0%         N/A       100%        4
 Haunt                    Necr/Summ      0%         N/A       100%        7
 Infestation              Necr           0%         N/A       100%        8


Dungeon Overview and Level Annotations

Branches:
Dungeon (7/15)             Temple (0/1) D:5          Bailey (1/1)

Altars:
Makhleb
The Shining One

Shops:
D:3 *   D:5 *=[*

Annotations:
D:2 exclusion: downstairs
D:3 2 transporters, Grinder; omnomnOMINOUS's ghost, amateur OpWn
D:6 2 transporters


Innate Abilities, Weirdness & Mutations

You have a pair of horns on your head.
You reflexively headbutt those who attack you in melee.


Message History

The gnoll shouts!
A gnoll comes into view.
It is wielding a +0 halberd of electrocution.
The kobold hits you but does no damage.
There is an open door here.
You impale the kobold!!
You kill the kobold!
Lugonu accepts your kill.
The hobgoblin hits you but does no damage.
Items here: !! ( ) †.
You puncture the hobgoblin!
You kill the hobgoblin!
Lugonu accepts your kill.
The kobold drinks a potion.
The kobold flickers and vanishes!
Deactivating autopickup; reactivate with Ctrl-A.
You throw a poisoned dart.
You reach to attack!
You barely miss the gnoll. Something hits you but does no damage.
The gnoll hits you from afar with a +2 halberd of electrocution.
You are electrocuted!
You puncture something! Lugonu accepts your kill.
Reactivating autopickup.
You feel a bit more experienced.
You reach to attack!
You hit the gnoll.
The gnoll is moderately wounded.
The gnoll hits you from afar with a +2 halberd of electrocution.
You are electrocuted!!
The gnoll hits you with a +2 halberd of electrocution.
The orc knight drinks a potion.
The orc knight seems to speed up.
The gnoll hits you from afar with a +0 halberd.
The gnoll hits you from afar with a +0 halberd of electrocution!
* * * LOW HITPOINT WARNING * * *
There is an open door, spattered with blood here.
Items here: !!! ( †††.
You are too injured to fight recklessly!
You puncture the gnoll!
You kill the gnoll!
Lugonu accepts your kill.
The orc knight hits you from afar with a +3 bardiche of venom!!
You die...

#'# ### ##### ###
### #)###.###.#g# .#
#.
##'##'##'###K##'##'#
##.!...## #.....#
###.....### ....(##
#.'..⌠..'.# ..⌠.('.
###.....### gg...#
#.....## ##)o...#
#'##'##'###@# #.#
#.###.'(## ## ###
#####


You could see an orc knight (fast) and 2 gnolls.

Vanquished Creatures
  Pikel (D:4)
  A troll (D:7)
  Edmund (D:6)
  3 water moccasins
  2 orc warriors (D:6)
  4 black bears
  An ice beast (D:7)
  A centaur (D:6)
  An ogre (D:6)
  2 phantoms
  A lemure (D:3)
  A kobold brigand (D:7)
  4 scorpions
  An electric eel (D:6)
  3 howler monkeys (D:7)
  A bullfrog zombie (D:5)
  3 centaur zombies
  2 hounds
  4 jellies
  A gnoll shaman (D:6)
  An orc priest (D:6)
  3 bullfrog skeletons
  Natasha (thrice) (D:3)
  Terence (D:2)
  2 iguanas
  2 orc wizards
  A hound skeleton (D:4)
  Robin (D:3)
  18 gnolls
  6 adders
  2 shadow imps (D:7)
  3 white imps
  An adder skeleton (D:5)
  A worm (D:2)
  16 orcs
  A bat (D:3)
  3 endoplasms (D:4)
  3 giant cockroaches
  11 goblins
  21 hobgoblins
  4 jackals (D:2)
  23 kobolds
  2 quokkas
  2 ball pythons
  2 frilled lizards
  2 goblin zombies (D:7)
  4 hobgoblin zombies (D:7)
  2 kobold skeletons (D:7)
  2 kobold zombies (D:7)
  An orc skeleton (D:7)
  3 rats
185 creatures vanquished.

Vanquished Creatures (others)
  9 plants (D:6)
9 creatures vanquished.

Grand Total: 194 creatures vanquished

Notes
Turn   | Place    | Note
-------+----------+-------------------------------------------
     0 | Abyss:1  | dolemite99 the Minotaur Abyssal Knight began the quest for
                  | the Orb.
     0 | Abyss:1  | Reached XP level 1. HP: 19/19 MP: 1/1
    63 | Abyss:1  | Noticed a quasit
    69 | D:1      | Escaped the Abyss
   199 | D:1      | Reached * piety under Lugonu
   200 | D:1      | Reached skill level 3 in Axes
   353 | D:1      | Reached XP level 2. HP: 18/26 MP: 2/2
   565 | D:2      | Reached skill level 4 in Axes
  1461 | D:2      | Reached XP level 3. HP: 17/31 MP: 3/3
  1789 | D:2      | Found a burning altar of Makhleb.
  1997 | D:2      | Noticed Terence
  2024 | D:2      | Killed Terence
  2025 | D:2      | Reached skill level 5 in Axes
  2025 | D:2      | Reached XP level 4. HP: 17/39 MP: 4/4
  2223 | D:3      | Noticed Robin
  2701 | D:3      | Killed Robin
  2701 | D:3      | Reached ** piety under Lugonu
  2765 | D:3      | Found a transporter.
  2766 | D:3      | Noticed Natasha
  2774 | D:3      | Killed Natasha
  2775 | D:3      | Reached skill level 6 in Axes
  2868 | D:3      | Found a transporter.
  2868 | D:3      | Noticed omnomnOMINOUS's ghost (amateur OpWn)
  2974 | D:3      | Reached XP level 5. HP: 40/45 MP: 5/5
  3052 | D:3      | Found Weuhuuts's General Store.
  3105 | D:3      | Bought a scroll of identify for 28 gold pieces
  3107 | D:3      | Bought a potion of berserk rage for 70 gold pieces
  3153 | D:3      | Noticed a black bear
  3161 | D:3      | Killed a black bear
  3162 | D:3      | Reached skill level 7 in Axes
  3367 | D:3      | Noticed Natasha
  3382 | D:3      | Killed Natasha
  3383 | D:3      | Reached XP level 6. HP: 32/51 MP: 6/6
  3384 | D:3      | Noticed Natasha
  3395 | D:3      | Killed Natasha
  3807 | D:3      | Noticed Grinder
  4046 | D:4      | Identified the +1 chain mail "Veisatull" {Str+4 Stlth+}
  4165 | D:4      | Reached skill level 8 in Axes
  4654 | D:4      | Reached skill level 9 in Axes
  4669 | D:4      | Reached XP level 7. HP: 50/57 MP: 7/7
  4732 | D:4      | Noticed Pikel
  5073 | D:4      | Killed Pikel
  5074 | D:4      | Reached skill level 11 in Axes
  5074 | D:4      | Reached XP level 8. HP: 25/64 MP: 8/8
  5871 | D:5      | Entered Level 5 of the Dungeon
  6017 | D:5      | Found Arghos's Assorted Antiques.
  6031 | D:5      | Found Xor Ekai's Jewellery Shop.
  6119 | D:5      | Found a staircase to the Ecumenical Temple.
  6340 | D:5      | Reached skill level 12 in Axes
  6650 | D:5      | Found Buteek's Assorted Antiques.
  6657 | D:5      | Bought a fuming yellow potion for 22 gold pieces
  6719 | D:3      | Bought a scroll of blinking for 105 gold pieces
  6785 | D:3      | Found a faded altar of an unknown god.
  6874 | D:3      | Paralysed by Grinder for 2 turns
  6949 | D:5      | Found Dunkineze's Antique Armour Shop.
  7232 | D:6      | Noticed Edmund
  7255 | D:6      | Killed Edmund
  7256 | D:6      | Reached skill level 13 in Axes
  7625 | D:6      | Reached *** piety under Lugonu
  7733 | D:6      | Found a transporter.
  7742 | D:6      | Noticed a kobold demonologist
  7743 | D:6      | Noticed a kobold demonologist
  7874 | D:6      | Reached XP level 9. HP: 43/70 MP: 9/9
  8246 | D:6      | Found a transporter.
  8384 | D:6      | Identified the +8 trident of Sifuadoq {vorpal, Str+4 Int+5
                  | Dex-2}
  8483 | D:6      | Reached skill level 1 in Maces & Flails
  9463 | D:6      | Reached skill level 1 in Polearms
  9909 | D:5      | Bought a thin zirconium amulet for 120 gold pieces
 10017 | D:7      | Noticed a troll
 10020 | D:7      | Killed a troll
 10021 | D:7      | Reached skill level 5 in Polearms
 10189 | D:7      | Reached **** piety under Lugonu
 10461 | D:7      | Found a glowing golden altar of the Shining One.
 10571 | D:7      | Found a flagged portal.
 10578 | Bailey   | Entered a bailey
 11234 | Bailey   | Noticed an orc knight
 11246 | Bailey   | Mangled by an orc knight

Illustrated notes

Levels and vault maps discovered:
D:1:      sevenhm_arrival_forest_fort_small_5, layout_basic
D:2:      layout_rooms, basic_altar, uniq_terence
D:3:      layout_basic, serial_shops, nicolae_shop_behind_doors,
          chequers_ecumenical_altar_twisty, gammafunk_ghost_mausoleum,
          uniq_natasha, uniq_robin, uniq_grinder
D:4:      layout_basic, uniq_pikel
D:5:      layout_loops_cross, minmay_temple_entry_statues_pillars, serial_shops,
          nicolae_stop_n_shop_2, nicolae_shop_statue_plus, nicolae_diamond_shop,
          nicolae_stop_n_shop_1
D:6:      gammafunk_wand_slinger, layout_loops_ring, serial_bayou_ford_a,
          grunt_ministairs_15, uniq_edmund
D:7:      hangedman_cross_stitches, layout_loops_cross,
          nicolae_tso_besieged_by_evil, enter_bailey_2
Bailey:   bailey_axe_2, bailey

Skill      XL: |  1  2  3  4  5  6  7  8  9 |
---------------+----------------------------+-----
Axes           | 3 4 5 6 7 9 11 13 | 13.7
Maces & Flails | 3 |  3.4
Polearms       | 8 |  8.3
Fighting       | |  3.6
Armour         | |  2.4
Dodging        | |  1.1
Invocations    | |  1.7

Action                   |  1- 3 |  4- 6 |  7- 9 || total
-------------------------+-------+-------+-------++-------
Melee: Hand axe          |    89 |   104 |   171 ||   364
       Headbutt          |     6 |    17 |    61 ||    84
       Trident           |       |       |   131 ||   131
       Dire flail        |       |       |    14 ||    14
Throw: Dart              |       |       |    71 ||    71
       Stone             |       |       |     1 ||     1
Invok: Depart the Abyss  |     1 |       |       ||     1
  Use: Potion            |     1 |     1 |     2 ||     4
       Scroll            |       |     2 |    10 ||    12
Armor: Leather armour    |     2 |       |       ||     2
       Ring mail         |    19 |       |       ||    19
       Chain mail        |       |    63 |   123 ||   186
Dodge: Dodged            |    56 |    50 |   101 ||   207

Table legend: (Time is in decaauts)
 A = Elapsed time spent in this place.
 B = Non-inter-level travel time spent in this place.
 C = Inter-level travel time spent in this place.
 D = Time resting spent in this place.
 E = Time spent auto-exploring this place.
 F = Levels seen in this place.
 G = Mean time per level.
                   A        B        C        D        E       F      G
               +--------+--------+--------+--------+--------+-----+--------+
         Total |  11233 |  10825 |    408 |   4773 |   4047 |   9 | 1248.1 |
       Dungeon |  10510 |  10102 |    408 |   4390 |   3912 |   7 | 1501.4 |
         Abyss |     69 |     69 |      0 |      0 |     44 |   1 |   69.0 |
        Bailey |    653 |    653 |      0 |    383 |     91 |   1 |  653.0 |
               +--------+--------+--------+--------+--------+-----+--------+

Top non-repeatable levels by time:
     D:5: 1911 daAuts
     D:6: 1810 daAuts
     D:4: 1735 daAuts
     D:3: 1711 daAuts
     D:2: 1389 daAuts
     D:1: 1352 daAuts
  Bailey: 653 daAuts
     D:7: 599 daAuts
 Abyss:1: 69 daAuts
